 Dungeon Crawl Stone Soup version 0.21.0 (webtiles) character file.

1883 tidbits the Thaumaturge (level 9, 57/57 HPs)
             Began as a Barachi Earth Elementalist on Jan 6, 2018.
             Quit the game on level 5 of the Dungeon.
             The game lasted 00:18:35 (2289 turns).

tidbits the Thaumaturge (BaEE)                      Turns: 2289, Time: 00:18:36

Health: 57/57      AC:  7    Str: 10    XL:     9   Next: 14%
Magic:  14/23      EV: 11    Int: 18    God:
Gold:   205        SH:  0    Dex: 13    Spells: 13/28 levels left

rFire    . . .     SeeInvis .   H - +1 great sword
rCold    . . .     Gourm    .   (shield currently unavailable)
rNeg     . . .     Faith    .   B - +0 troll leather armour
rPois    .         Spirit   .   (no helmet)
rElec    .         Reflect  .   C - +1 cloak
rCorr    +         Harm     .   G - +0 pair of gloves
MR       .....                  (no boots)
Stlth    +.........             (no amulet)
HPRegen  0.59/turn              y - ring of resist corrosion
MPRegen  0.18/turn              (no ring)

@: drained, slow
A: +LOS, swims, slowness 1, strong legs 1
a: Hop


You were on level 5 of the Dungeon.
You were hungry.

You visited 1 branch of the dungeon, and saw 7 of its levels.

You collected 205 gold pieces.

Inventory:

Hand Weapons
 a - a +0 rapier
 b - a +0 hunting sling
 d - a +0 dagger
 l - a +0 vampiric battleaxe
   (You found it on level 6 of the Dungeon)
 o - a +0 flail
 r - a +2 antimagic flail
   (You found it on level 4 of the Dungeon)
 t - a +2 quarterstaff of chaos
   (You took it off Crazy Yiuf on level 6 of the Dungeon)
 v - a +0 falchion
 D - a +0 shortbow
 H - a +1 great sword (weapon)
 L - a +0 scythe
Missiles
 g - 59 arrows
 i - 4 tomahawks
 u - 11 javelins (quivered)
Armour
 e - a +0 robe
 f - a +0 shield
 q - a +0 ring mail
 z - a cursed +0 scale mail
 B - a +0 troll leather armour (worn)
 C - a +1 cloak (worn)
 E - a +0 robe
 G - a +0 pair of gloves (worn)
Jewellery
 y - a ring of resist corrosion (left hand)
   (You found it on level 6 of the Dungeon)
Scrolls
 j - 4 scrolls of teleportation
 n - 5 scrolls of remove curse
 p - 2 scrolls of amnesia
Potions
 s - a potion of brilliance
 w - 5 potions of curing
 A - a potion of cancellation
 F - a potion of heal wounds
 J - a potion of degeneration {unknown}
 K - a potion of invisibility
Books
 c - a book of Geomancy

   Spells                             Type                      Level
   a - Sandblast                      Earth                        1
   b - Passwall                       Transmutation/Earth          2
   c - Stone Arrow                    Conjuration/Earth            3
   d - Petrify                        Transmutation/Earth          4
   e - Lee's Rapid Deconstruction     Earth                        5
Comestibles
 m - 8 rations


   Skills:
 - Level 2.1(1.5) Dodging
 - Level 1.7(1.1) Stealth
 - Level 10.1(9.3) Spellcasting
 - Level 1.1(0.4) Transmutations
 + Level 6.7(5.9) Earth Magic


You had 13 spell levels left.
You knew the following spells:

 Your Spells              Type           Power        Failure   Level  Hunger
a - Sandblast             Erth           ####..       1%          1    None
e - Petrify               Tmut/Erth      ###.....     30%         4    ###....
o - Stone Arrow           Conj/Erth      ###...       10%         3    None
w - Passwall              Tmut/Erth      ###.......   4%          2    None
D - Lee's Rapid Deconstr  Erth           ####......   26%         5    #####..


Dungeon Overview and Level Annotations

Branches:
Dungeon (7/15)
 Temple: D:4-7

Altars:
Dithmenos
Fedhas
Hepliaklqana
Qazlal


Innate Abilities, Weirdness & Mutations

Shadows flee at your approach. (+LOS)
You can swim through water.
You cover ground slowly.
You can hop short distances.


Message History

You hear some strange, mumbled words.
A magic dart appears from out of thin air!
The magic dart hits you!
Casting: Stone Arrow
Confirm with . or Enter, or press ? or * to list all spells.
Aiming: Stone Arrow
Press: ? - help, Shift-Dir - straight line Something barely misses you.
You miss something. Something hits you but does no damage.
You completely miss something. Something hits you but does no damage.
You miss something. Something hits you.
You closely miss something. Something hits you!
You closely miss something.
You hear some strange, mumbled words.
A puff of flame appears from out of thin air!
The puff of flame misses you. Something hits you!
You closely miss something. Something barely misses you.
You closely miss something. Something hits you.
* * * LOW HITPOINT WARNING * * *
You miss something. Something hits you.
* * * LOW HITPOINT WARNING * * *
You barely miss something. Something hits you!
* * * LOW HITPOINT WARNING * * *
You closely miss something.
You hear some strange, mumbled words.
A magic dart appears from out of thin air!
The magic dart hits you!
* * * LOW HITPOINT WARNING * * *
You hear some strange, mumbled words.
A magic dart appears from out of thin air!
The magic dart hits you!
You closely miss something. Something hits you.
* * * LOW HITPOINT WARNING * * *
You miss something.
Sigmund appears from thin air!
Sigmund barely misses you.
You closely miss Sigmund.
Sigmund is almost dead.
Sigmund completely misses you.
You riposte.
You barely miss Sigmund.
Sigmund is almost dead.
You barely miss Sigmund.
Sigmund is almost dead.
Sigmund casts a spell at you. The puff of flame hits you!
* * * LOW HITPOINT WARNING * * *
Sigmund casts a spell.
Sigmund flickers and vanishes!
A crimson imp comes into view.
You barely miss something.
The crimson imp shouts!
Something hits you.
* * * LOW HITPOINT WARNING * * *
You barely miss something. Something hits you!
* * * LOW HITPOINT WARNING * * *
The crimson imp blinks!
You hear some strange, mumbled words.
Something tries to affect you, but you resist.
You barely miss something. Something hits you.
* * * LOW HITPOINT WARNING * * *
You feel much better. Something hits you but does no damage.
Casting: Stone Arrow
Confirm with . or Enter, or press ? or * to list all spells.
Aiming: Stone Arrow
Press: ? - help, Shift-Dir - straight line The stone arrow hits something.
You feel a bit more experienced.
Things that are here:
a scythe; a robe; the human corpse of Sigmund
L - a scythe The crimson imp shouts, "Give up, thou twisted milk-livered dingleberry!"
The crimson imp barely misses you.
Casting: Stone Arrow
Confirm with . or Enter, or press ? or * to list all spells.
Aiming: Stone Arrow
Press: ? - help, Shift-Dir - straight line, f - crimson imp
Aim: a crimson imp The stone arrow misses the crimson imp.
The crimson imp hits you but does no damage.
You closely miss the crimson imp. The crimson imp hits you.
You barely miss the crimson imp. The crimson imp barely misses you.
The crimson imp blinks!
Your magical contamination has completely faded away.
You see here 17 gold pieces.
You now have 191 gold pieces (gained 17).
The crimson imp barely misses you.
The crimson imp blinks! x2
The crimson imp blinks!
Found 14 gold pieces.
You see here 14 gold pieces.
You now have 205 gold pieces (gained 14).
As you read the scroll labeled TAIREA PUPH, it crumbles to dust.
It is a scroll of enchant weapon.
Your +0 great sword glows red for a moment.
As you read the scroll labeled GILADO VAIDGH, it crumbles to dust.
It is a scroll of enchant armour.
Your +0 cloak glows green for a moment.
As you read the scroll labeled VUCUOM ATOGUO, it crumbles to dust.
The air around you briefly surges with heat, but it dissipates.
It was a scroll of immolation.
As you read the scroll labeled YCLIZI BELEJO, it crumbles to dust.
You feel aware of your surroundings.
It was a scroll of magic mapping.
You are feeling hungry.
Are you sure you want to abandon this character and quit the game? (Confirm with "yes".)

**,#########.#######
*,,.................
***#########.#######
*,,,,..#...#####
*,***#.#.......# *,*
#.#.#.###.# *,*
#.......#,* ####,*
#...#.#.#.# #.@#,*
#.........# #..#.#
#..........
#..#.####..#.#..#.#
#..#.##............
#..#.##.#..#.#..#.#
#..#.##.#..#.#..#..
#..#.##....#.#..#,.
#..#.####.##.#..#*#
#..#.##......#,,,,,


There were no monsters in sight!

Vanquished Creatures
  A troll (D:7)
  The ghost of tidbits the Magician, an amateur BaSk of Kikubaaqudgha (D:5)
  A hippogriff (D:7)
  Sigmund (D:5)
  A hungry ghost (D:7)
  A sky beast (D:5)
  2 ogres
  A centaur (D:7)
  A crimson imp (D:5)
  Crazy Yiuf (D:6)
  3 hounds
  4 orc priests
  3 orc wizards
  Jessica (D:2)
  2 iguanas
  2 worker ants (D:7)
  3 gnolls (D:6)
  7 adders
  A shadow imp (D:6)
  An ooze (D:1)
  2 adder skeletons
  A worm (D:5)
  2 dart slugs (D:1)
  2 leopard geckos (D:5)
  15 orcs
  A giant cockroach (D:4)
  5 goblins
  5 hobgoblins (D:2)
  7 jackals
  2 kobolds (D:1)
  2 quokkas
  A ball python (D:2)
  3 frilled lizards
  2 rats (D:2)
88 creatures vanquished.

Vanquished Creatures (others)
  A plant (D:7)
1 creature vanquished.

Grand Total: 89 creatures vanquished

Notes
Turn   | Place    | Note
-------+----------+-------------------------------------------
     0 | D:1      | tidbits the Barachi Earth Elementalist began the quest for the Orb.
     0 | D:1      | Reached XP level 1. HP: 13/13 MP: 3/3
    95 | D:2      | Reached XP level 2. HP: 19/19 MP: 3/5
    97 | D:2      | Reached skill level 3 in Spellcasting
   344 | D:2      | Reached XP level 3. HP: 23/24 MP: 0/8
   348 | D:2      | Learned a level 2 spell: Passwall
   448 | D:2      | Found a stormy altar of Qazlal.
   524 | D:2      | Noticed Jessica
   541 | D:2      | Killed Jessica
   541 | D:2      | Reached skill level 4 in Spellcasting
   577 | D:3      | Reached XP level 4. HP: 30/30 MP: 6/10
   896 | D:4      | Reached skill level 5 in Spellcasting
   949 | D:4      | Reached XP level 5. HP: 35/35 MP: 10/12
   961 | D:5      | Entered Level 5 of the Dungeon
   961 | D:5      | Noticed tidbits's ghost (amateur BaSk)
  1074 | D:4      | Noticed an ogre
  1074 | D:4      | Noticed an ogre
  1114 | D:6      | Noticed an ogre
  1122 | D:6      | Killed an ogre
  1122 | D:6      | Reached skill level 6 in Spellcasting
  1145 | D:6      | Reached XP level 6. HP: 41/41 MP: 9/15
  1273 | D:7      | Reached skill level 7 in Spellcasting
  1310 | D:7      | Noticed a troll
  1325 | D:7      | Killed a troll
  1325 | D:7      | Reached skill level 8 in Spellcasting
  1325 | D:7      | Reached XP level 7. HP: 31/46 MP: 4/18
  1444 | D:7      | Noticed a hungry ghost
  1450 | D:7      | Killed a hungry ghost
  1486 | D:7      | Reached skill level 9 in Spellcasting
  1545 | D:7      | Noticed a hippogriff
  1555 | D:7      | Killed a hippogriff
  1555 | D:7      | Reached XP level 8. HP: 23/52 MP: 19/21
  1660 | D:6      | Reached skill level 10 in Spellcasting
  1712 | D:6      | Found a blossoming altar of Fedhas.
  1822 | D:5      | Reached skill level 4 in Earth Magic
  1828 | D:5      | Learned a level 3 spell: Stone Arrow
  1833 | D:5      | Learned a level 4 spell: Petrify
  1839 | D:5      | Learned a level 5 spell: Lee's Rapid Deconstruction
  1843 | D:5      | Found a hazy altar of Hepliaklqana.
  2003 | D:6      | Found a runed door.
  2007 | D:6      | Noticed Crazy Yiuf
  2010 | D:6      | Killed Crazy Yiuf
  2078 | D:6      | Reached skill level 5 in Earth Magic
  2122 | D:5      | Killed tidbits's ghost
  2122 | D:5      | Reached skill level 6 in Earth Magic
  2122 | D:5      | Reached XP level 9. HP: 40/57 MP: 3/23
  2205 | D:5      | Found a shadowy altar of Dithmenos.
  2207 | D:5      | Noticed Sigmund
  2234 | D:5      | Killed Sigmund
  2289 | D:5      | Quit the game

Skill      XL: |  1  2  3  4  5  6  7  8 |
---------------+-------------------------+-----
Spellcasting   | 3 4 5 6 8 9 10 | 10.1
Earth Magic    | 6 |  6.7
Dodging        | |  2.1
Stealth        | |  1.7
Transmutations | |  1.1

Action                   |  1- 3 |  4- 6 |  7- 9 || total
-------------------------+-------+-------+-------++-------
Melee: Dagger            |     4 |       |       ||     4
       Flail             |       |     5 |       ||     5
       Rapier            |       |       |    10 ||    10
       Great sword       |       |       |   112 ||   112
Throw: Javelin           |       |       |    13 ||    13
 Cast: Sandblast         |    36 |    73 |    25 ||   134
       Stone Arrow       |       |       |    21 ||    21
Evoke: Wand              |       |     4 |     7 ||    11
  Use: Scroll            |       |       |    11 ||    11
       Potion            |       |       |     6 ||     6
  Eat: Chunk             |       |     3 |     5 ||     8
Armor: Robe              |     2 |     9 |       ||    11
       Troll leather arm |       |       |    50 ||    50
Dodge: Dodged            |     5 |    32 |   119 ||   156
       Rpst.: Great sword |       |       |    39 ||    39

Table legend:
 A = Turns spent in this place as a percentage of turns spent in the entire game.
 B = Non-inter-level travel turns spent in this place as a percentage of non-inter-level travel turns spent in the entire game.
 C = Inter-level travel turns spent in this place as a percentage of turns spent in this place.
 D = Turns resting spent in this place as a percentage of non-inter-level travel turns spent in this place.
 E = Turns spent auto-exploring this place as a percentage of non-inter-level travel turns spent in this place.
 F = Non-inter-level travel turns spent in this place divided by the number of levels of this place that you've seen.
                   A       B       C       D       E      F
               +-------+-------+-------+-------+-------+----------------------
         Total | 100.0 | 100.0 |   2.7 |   0.0 |   0.0 | 318.3
       Dungeon | 100.0 | 100.0 |   2.7 |   0.0 |   0.0 | 318.3
               +-------+-------+-------+-------+-------+----------------------

Table legend:
 A = Kills in this place as a percentage of kills in entire the game.
 B = Kills by you in this place as a percentage of kills by you in the entire game.
 C = Kills by friends in this place as a percentage of kills by friends in the entire game.
 D = Other kills in this place as a percentage of other kills in the entire game.
 E = Experience gained in this place as a percentage of experience gained in the entire game.
 F = Experience gained in this place divided by the number of levels of this place that you have seen.
                   A       B       C       D       E      F
               +-------+-------+-------+-------+-------+----------------------
         Total | 100.0 | 100.0 |   N/A |   N/A | 100.0 | 384.3
       Dungeon | 100.0 | 100.0 |   N/A |   N/A | 100.0 | 384.3
               +-------+-------+-------+-------+-------+----------------------

Vault maps used:
D:1:      lightli_arrival_lavapool, minmay_crystal_water
D:2:      lemuel_coloured_pillars_altar, hex_medium, uniq_jessica
D:3:      cheibrodos_pilgrimage, okawaru_ov_weapons_minmay, first_ration
D:4:      temple_statues
D:5:      kennysheep_little_box, kennysheep_mini_moat, uniq_sigmund, uniq_ijyb,
          uniq_eustachio
D:6:      fedhas_altar_2, sigmund_army, uniq_crazy_yiuf_cottage
D:7:      serial_bayou_lagoon_b
